 Dungeon Crawl Stone Soup version 0.16-a0-231-g3d5c238 (webtiles) character file.

346612 Zurvan the Bludgeoner (level 21, 0/268 (276) HPs)
             Began as a Minotaur Fighter on Aug 19, 2014.
             Was the Champion of Okawaru.
             Slain by a phantasmal warrior (16 damage)
             ... on Level 5 of the Vaults on Aug 21, 2014.
             The game lasted 05:10:10 (48018 turns).

Zurvan the Bludgeoner (Minotaur Fighter)           Turns: 48018, Time: 05:10:10

HP   0/268 (276) AC 25     Str 31      XL: 21   Next: 19%
MP  32/32        EV  2     Int  5      God: Okawaru [******]
Gold 3829        SH 18     Dex 16      Spells:  0 memorised, 20 levels left

rFire  . . .     SeeInvis .     t - +7 demon whip (venom)
rCold  . . .     Clarity  +     R - melded +7 chain mail of Frefe {Slay+6}
rNeg   + + +     rCorr    .     N - +0 shield {reflect}
rPois  +         rRot     .     Y - +0 hat of Life {Dex+3 Curse}
rElec  .         Spirit   .     b - melded +2 cloak {rPois}
SustAb .         Warding  .     e - melded +0 pair of gloves
rMut   .         NoTele   +     f - melded +0 pair of boots {Fly}
Gourm  .                        G - amulet of clarity
MR     +....                    B - +4 ring of slaying
                                A - ring "Plihih" {+Inv rN+ MR+ EV+2 Stlth-}

@: mighty, tree-form, vulnerable, heroism, finesse, marked, corroded equipment,
somewhat resistant to hostile enchantments, quite stealthy
A: (retaliatory headbutt), (horns 0), (large bone plates 0), clumsy 1,
regeneration 1
a: Heroism, Finesse, Renounce Religion, Evoke Invisibility
}: 2/15 runes: decaying, gossamer


You were on level 5 of the Vaults.
You worshipped Okawaru.
Okawaru was exalted by your worship.
You were not hungry.
You were an animated tree.
You visited 8 branches of the dungeon, and saw 46 of its levels.
You also visited: Labyrinth, Sewer and Ice Cave.

You collected 5440 gold pieces.
You spent 1611 gold pieces at shops.

Inventory:

Hand weapons
 t - a +7 demon whip of venom (weapon)
 S - a +6 morningstar of flaming
Armour
 b - a +2 cloak of poison resistance (melded)
 e - a +0 pair of gloves (melded)
 f - a +0 pair of boots of flying (melded)
 s - a +0 gold dragon armour
 N - a +0 shield of reflection (worn)
 R - the +7 chain mail of Frefe (melded) {Slay+6}
   (Okawaru gifted it to you on level 7 of the Lair of Beasts)

   It affects your accuracy and damage with ranged weapons and melee attacks
   (+6).
 Y - the cursed +0 hat of Life (worn) {Dex+3 Curse}
   (Okawaru gifted it to you on level 8 of the Lair of Beasts)

   It affects your dexterity (+3).
   It may recurse itself when equipped.
   It has a curse placed upon it.
Magical devices
 a - a wand of polymorph (2)
 d - a wand of fire (7)
 g - a wand of teleportation (3)
 u - a wand of heal wounds (1)
 L - a wand of enslavement (8)
 T - a wand of cold (0)
 X - a wand of digging (18)
 Z - a wand of lightning (2)
Comestibles
 l - 9 meat rations
 r - 4 chunks of golden dragon flesh
Scrolls
 h - a scroll of brand weapon
 m - a scroll of acquirement
 n - 10 scrolls of remove curse
 o - 10 scrolls of magic mapping
 p - 2 scrolls of fog
 q - 4 scrolls of identify
 v - 5 scrolls of enchant weapon
 y - 2 scrolls of fear
 H - 2 scrolls of silence
 I - a scroll of recharging
 O - 7 scrolls of enchant armour
 Q - 3 scrolls of vulnerability
 U - a scroll of teleportation
Jewellery
 A - the ring "Plihih" (left branch) {+Inv rN+ MR+ EV+2 Stlth-}
   (You found it in a labyrinth)

   [ring of evasion]

   It affects your evasion (+2).
   It protects you from negative energy.
   It affects your resistance to hostile enchantments.
   It lets you turn invisible.
   It makes you less stealthy.
 B - a +4 ring of slaying (right branch)
 C - a +3 ring of protection
 G - an amulet of clarity (around neck)
 P - an uncursed amulet of warding
 W - an uncursed ring of see invisible
Potions
 c - a potion of might
 i - a potion of resistance
 j - 9 potions of curing
 k - 2 potions of cancellation
 w - 5 potions of haste
 z - a potion of cure mutation
 E - 2 potions of lignification
 F - 7 potions of restore abilities
Miscellaneous
 M - an ornate deck of summonings {the Herd, drawn: 2}
 V - a sack of spiders {used: 2}


   Skills:
 * Level 15.0(20.0) Fighting
 + Level 20.1(25.1) Maces & Flails
 * Level 17.1(22.1) Armour
 * Level 19.0(24.0) Dodging
 + Level 3.1(8.1) Stealth
 + Level 16.5(21.5) Shields
 * Level 13.0 Invocations
 * Level 13.1 Evocations


You had 20 spell levels left.
You didn't know any spells.

Dungeon Overview and Level Annotations

Branches:
Dungeon (15/15)            Temple (1/1) D:5             Orc (4/4) D:9
    Elf (3/3) Orc:4          Lair (8/8) D:8           Swamp (5/5) Lair:6
 Spider (5/5) Lair:6        Slime (0/6) Lair:8       Vaults (5/5) D:14
  Crypt (0/3) Vaults:2     Depths (0/5) D:15

Altars:
Ashenzari
Cheibriados
Dithmenos
Elyvilon
Fedhas
Gozag
Kikubaaqudgha
Makhleb
Nemelex Xobeh
Okawaru
Qazlal
Sif Muna
Trog
Vehumet
Xom
Yredelemnul
Zin
The Shining One

Shops:
D:4 *   D:11 *   D:12 (   D:13 (   Orc:4 =([*   Elf:2 ?   Vaults:3 %

Portals:
Hell: Lair:8

Annotations:
Vaults:5 Ololoev's ghost, great HOCK


Innate Abilities, Weirdness & Mutations

((You reflexively headbutt those who attack you in melee.))
((You have a pair of horns on your head.))
((You are partially covered in large bone plates (AC +2, SH +2).))
You are clumsy. (Dex -2)
Your natural rate of healing is unusually fast.


Message History

The vault sentinel seems to grow stronger.
You thrash the vault warden!!
The vault warden is almost dead.
You block the two-headed ogre's attack.
The two-headed ogre hits you but does no damage.
Unknown command.
You whack the phantasmal warrior!
The phantasmal warrior is lightly damaged.
You hit the phantasmal warrior.
The phantasmal warrior is moderately damaged.
The phantasmal warrior hits you!
* * * LOW HITPOINT WARNING * * *
Your magical defenses are stripped away!
Drink which item? (? for menu, Esc to quit)
You feel very mighty all of a sudden. You block the vault warden's attack.
The two-headed ogre hits you with a giant club.
* * * LOW HITPOINT WARNING * * *
You block the two-headed ogre's attack. The phantasmal warrior hits you!
You die...

**,,,,**,**,##.#*,,,,*#.#,,,,*,,,
***,,***,,,,,..##*,,*##.#,,,,*,,,
,******,,**'*#..##**##..#,,.,*,,,
,,* *,,,*,,,#..?# #)..#,...#,,,
,,* *,,,*,,,#...# *(..#,...#***
,*****#..#####C.#####*..#....#,,,
***,,**#.......###OO###.#....#,,,
**,,,,*#......W##OOOc##p#....#..,
,,,,,,....(..)cW♣pCppeTOX.......,
*******################po......#*
,,,,,,,,,,,,,,,.................,
,,,,,,,,,,,,,,,.................,
****************###############**


You could see a titan, a vault warden, 2 yaktaur captains, a deep troll, 3 vault
sentinels, a large abomination, a phantasmal warrior, an ironbrand convoker, a
deep elf conjurer, 2 two-headed ogres, 4 ogres, Ololoev's ghost and an orc.

Vanquished Creatures
  Saint Roka (Vaults:4)
  Mara (Swamp:5)
  A golden dragon (Vaults:4)
  A bone dragon (Swamp:5)
  2 tentacled monstrosities (Vaults:5)
  Asterion (Spider:3)
  2 sphinxes
  A lich (Vaults:3)
  A storm dragon (Vaults:5)
  A thorn hunter (Swamp:2)
  5 tengu reavers
  Kirke (Spider:1)
  A shadow dragon (Vaults:4)
  3 deep elf sorcerers (Vaults:4)
  An orc warlord (Orc:4)
  14 vault wardens
  2 frost giants
  2 fire giants (Vaults:5)
  6 ghost moths
  5 emperor scorpions
  2 war gargoyles
  4 deep elf demonologists
  8 stone giants
  A very ugly thing (Vaults:4)
  A dire elephant (Lair:8)
  Azrael (D:14)
  3 deep elf annihilators (Vaults:4)
  31 vault guards
  Snorg (Orc:2)
  A minotaur (Lab)
  3 deep elf death magi
  3 fire dragons
  18 ironheart preservers
  4 ettins
  Fannar (D:12)
  2 ice dragons (Lair:7)
  A naga warrior (D:10)
  A rakshasa (Vaults:2)
  5 yaktaur captains
  A small abomination (Vaults:4)
  25 hydras
  A shambling mangrove (Swamp:4)
  8 ogre magi
  4 alligators
  A tengu warrior (D:13)
  6 centaur warriors
  A deep troll shaman (Vaults:4)
  A large abomination (Elf:1)
  A deep troll earth mage (Vaults:4)
  8 death yaks
  A sun demon (Lair:8)
  Nergalle (Lair:4)
  15 deep elf knights
  2 orc high priests (Orc:4)
  An ice devil (IceCv)
  3 skeletal warriors (Vaults:2)
  2 shadow wraiths
  6 swamp dragons
  13 orb spiders
  5 unseen horrors
  5 spectral hydras (Swamp:5)
  A spriggan druid (Swamp:4)
  6 wizards
  3 giant orange brains
  A flayed ghost (Vaults:2)
  8 deep trolls
  7 deep elf summoners
  A giant orange brain (shapeshifter) (D:15)
  4 ice statues (IceCv)
  7 hill giants
  4 orc sorcerers (Orc:4)
  A mana viper (shapeshifter) (Vaults:4)
  9 orc knights
  A tengu zombie (Vaults:4)
  6 harpies
  14 ironbrand convokers
  20 ugly things
  4 manticores (Elf:2)
  A fire giant zombie (Vaults:4)
  4 red wasps
  A salamander (shapeshifter) (D:15)
  A lindwurm (Spider:1)
  A sixfirhy (Lair:8)
  8 deep elf conjurers
  17 griffons
  An oklob plant (Swamp:5)
  6 cyclopes
  37 wolf spiders
  A tengu skeleton (Vaults:4)
  2 phantasmal warriors (Vaults:4)
  4 necromancers
  2 black mambas
  A black mamba (shapeshifter) (Vaults:2)
  19 elephants
  2 moths of wrath
  2 octopodes (shapeshifter)
  3 frost giant skeletons (Vaults:4)
  Joseph (Orc:4)
  12 vault sentinels
  2 torpor snails
  A spiny frog (shapeshifter) (D:15)
  A queen ant (Lair:3)
  A smoke demon (Lair:8)
  3 orange demons (Lair:8)
  16 demonic crawlers
  An efreet (D:14)
  12 komodo dragons
  13 spiny frogs
  4 swamp worm zombies (Swamp:5)
  8 deep elf priests
  A yaktaur (shapeshifter) (Elf:2)
  A troll (shapeshifter) (D:15)
  29 yaktaurs
  A kobold demonologist (Vaults:2)
  A wandering mushroom (Lair:8)
  2 freezing wraiths (Vaults:3)
  10 trolls
  26 jumping spiders
  17 two-headed ogres
  6 hydra zombies
  2 polar bears
  2 fire drakes
  A tengu conjurer (Vaults:3)
  Sonja (D:15)
  11 blue devils
  A sphinx simulacrum (Vaults:4)
  8 giant leeches
  The ghost of MackTheKnife the Slasher, an average HuFi of Okawaru (Sewer)
  A raven (shapeshifter) (D:15)
  5 alligator zombies (Swamp:5)
  A human zombie (Vaults:4)
  33 slime creatures
  12 ravens
  A boulder beetle (Vaults:2)
  11 bog bodies
  2 baby alligators (Swamp:2)
  16 blink frogs
  An ettin zombie (Vaults:4)
  5 basilisks
  A spectral swamp dragon (Swamp:5)
  A trapdoor spider (shapeshifter) (Vaults:4)
  40 redbacks
  3 spriggans
  A yak (shapeshifter) (Elf:1)
  3 fire elementals (D:14)
  20 deep elf magi
  30 tarantellas
  8 trapdoor spiders
  38 yaks
  15 deep elf fighters
  A hill giant zombie (D:9)
  4 hogs (Spider:1)
  Grum (D:13)
  A hippogriff (shapeshifter) (Vaults:1)
  3 hungry ghosts (D:9)
  11 wolves
  5 wyverns
  6 soldier ants
  4 wargs
  33 vampire mosquitoes
  6 hippogriffs
  29 water moccasins
  20 swamp worms
  9 mottled dragons
  6 hell hounds
  4 sky beasts
  36 spiders
  5 yellow wasps
  9 phantoms
  37 orc warriors
  A black bear (D:10)
  A necrophage (D:12)
  38 ogres
  7 swamp drakes
  2 swamp dragon zombies (Swamp:5)
  9 porcupines
  21 centaurs
  8 ice beasts
  A black bear (shapeshifter) (Vaults:3)
  A lost soul (Vaults:4)
  5 boggarts (Vaults:2)
  A crocodile (shapeshifter) (Vaults:2)
  21 crocodiles
  2 big kobolds
  29 giant frogs
  A brain worm (Lair:4)
  A cyclops zombie (D:9)
  A warg zombie (Orc:4)
  A yaktaur skeleton (D:14)
  7 jellies
  5 scorpions
  2 troll zombies
  25 insubstantial wisps
  A yak zombie (D:10)
  A yak skeleton (D:7)
  A troll skeleton (D:10)
  A human simulacrum (Vaults:1)
  23 wights
  2 electric eels (Lair:2)
  2 goliath beetles
  7 crimson imps
  A giant frog zombie (D:13)
  2 vampire bats (D:3)
  2 draconian simulacra (IceCv)
  A centaur skeleton (D:4)
  2 centaur zombies
  2 giant frog skeletons (D:4)
  3 quasits
  14 hounds
  26 orc wizards
  A basilisk skeleton (D:13)
  A spectral swamp drake (Swamp:5)
  6 iguanas
  Natasha (thrice) (D:3)
  3 orange rats
  25 orc priests
  A troll simulacrum (IceCv)
  17 worker ants
  A spriggan simulacrum (IceCv)
  9 sheep
  4 ogre zombies (D:9)
  A centaur simulacrum (IceCv)
  2 hound skeletons
  A hound zombie (D:8)
  A mummy (D:9)
  7 gnolls
  A mottled dragon simulacrum (D:15)
  A swamp drake zombie (Swamp:5)
  27 adders
  5 naga simulacra (IceCv)
  4 shadow imps
  103 green rats
  5 worms
  11 giant mites
  A goliath beetle zombie (D:5)
  An iguana skeleton (D:9)
  An iguana zombie (D:7)
  15 giant geckos
  10 oozes
  233 orcs
  19 ball pythons
  3 bat skeletons
  4 bat zombies (D:3)
  11 giant cockroaches
  2 gnoll zombies (D:8)
  19 goblins
  20 hobgoblins
  15 jackals
  25 kobolds
  11 quokkas
  22 bats
  10 giant newts
  2 goblin skeletons (D:9)
  2 goblin zombies (D:9)
  4 hobgoblin skeletons
  2 hobgoblin zombies (D:9)
  7 orc skeletons
  12 orc zombies
  17 rats
  A rat zombie (D:6)
  2 ballistomycetes (D:8)
  A bush (D:15)
  A crawling corpse (Vaults:5)
  2 fungi (Orc:4)
  A plant (Lair:3)
2135 creatures vanquished.

Vanquished Creatures (collateral kills)
  A hydra (Elf:2)
  An orc high priest (Orc:4)
  A red wasp (Spider:5)
  2 redbacks
  A swamp worm (Swamp:1)
  An orc (Orc:4)
7 creatures vanquished.

Vanquished Creatures (others)
  A vault warden (Vaults:5)
  A stone giant (Vaults:5)
  An ironheart preserver (Vaults:5)
  An ogre mage (Vaults:5)
  An orb spider (Spider:5)
  A vault sentinel (Vaults:5)
  2 yaktaurs
  2 two-headed ogres
  A freezing wraith (Vaults:1)
  2 redbacks
  A trapdoor spider (Elf:2)
  2 humans (Spider:1)
  2 deep elf fighters (Vaults:4)
  7 vampire mosquitoes (Vaults:5)
  A spider (Orc:4)
  2 ogres (Vaults:5)
  7 lost souls
  An iguana (Lair:6)
  A giant spore (D:8)
  2 fungi
39 creatures vanquished.

Grand Total: 2181 creatures vanquished

Notes
Turn   | Place    | Note
--------------------------------------------------------------
     0 | D:1      | Zurvan, the Minotaur Fighter, began the quest for the Orb.
     0 | D:1      | Reached XP level 1. HP: 19/19 MP: 1/1
   194 | D:1      | Reached XP level 2. HP: 20/27 MP: 1/1
   236 | D:1      | Reached skill level 4 in Armour
   340 | D:1      | Reached skill level 1 in Dodging
   340 | D:1      | Reached XP level 3. HP: 33/33 MP: 2/2
   857 | D:2      | Found a burning altar of Makhleb.
   862 | D:2      | Reached XP level 4. HP: 33/40 MP: 2/2
  1285 | D:3      | Noticed Natasha
  1291 | D:3      | Killed Natasha
  1291 | D:3      | Reached skill level 5 in Armour
  1462 | D:3      | Reached XP level 5. HP: 46/46 MP: 2/2
  1675 | D:3      | Found a glowing drain.
  1701 | Sewer    | Entered a sewer
  1887 | Sewer    | Noticed MackTheKnife's ghost (average HuFi)
  1895 | Sewer    | Killed MackTheKnife's ghost
  1895 | Sewer    | Reached skill level 5 in Maces & Flails
  1895 | Sewer    | Reached XP level 6. HP: 24/53 MP: 3/3
  2097 | Sewer    | Reached skill level 6 in Armour
  2097 | Sewer    | Reached XP level 7. HP: 22/60 MP: 3/3
  2311 | D:3      | Found an ancient bone altar of Kikubaaqudgha.
  2593 | D:3      | Found a blossoming altar of Fedhas.
  2637 | D:3      | Noticed Natasha
  2641 | D:3      | Killed Natasha
  3319 | D:3      | Noticed Natasha
  3321 | D:3      | Killed Natasha
  3457 | D:4      | Reached skill level 5 in Dodging
  3707 | D:4      | Reached XP level 8. HP: 49/67 MP: 3/3
  3730 | D:4      | Reached skill level 5 in Fighting
  3735 | D:4      | Reached skill level 5 in Shields
  4044 | D:4      | Found Psuxyt's General Store.
  4053 | D:4      | Bought 2 scrolls of enchant weapon for 150 gold pieces
  4100 | D:4      | Reached skill level 7 in Armour
  4373 | D:4      | Found a bloodstained altar of Trog.
  4578 | D:5      | Entered Level 5 of the Dungeon
  4664 | D:5      | Found a staircase to the Ecumenical Temple.
  4672 | Temple   | Entered the Ecumenical Temple
  4926 | Temple   | Became a worshipper of Warmaster Okawaru
  5805 | D:6      | Acquired Okawaru's first power
  5917 | D:6      | Reached XP level 9. HP: 74/74 MP: 4/4
  6055 | D:6      | Reached skill level 8 in Maces & Flails
  6271 | D:7      | Got an ancient buckler
  6336 | D:7      | Identified the cursed -2 buckler "Schiofer" {Dex+2} (You found it on level 7 of the Dungeon)
  6441 | D:7      | Found a sparkling altar of Nemelex Xobeh.
  7101 | D:7      | Found a snail-covered altar of Cheibriados.
  7105 | D:7      | Reached skill level 9 in Maces & Flails
  7852 | D:8      | Found a shattered altar of Ashenzari.
  7973 | D:8      | Reached XP level 10. HP: 67/84 MP: 4/4
  8004 | D:8      | Found a staircase to the Lair.
  8531 | D:8      | Found a basalt altar of Yredelemnul.
  8552 | D:8      | Found a shimmering altar of Xom.
  8552 | D:8      | Found a shimmering altar of Xom.
  8552 | D:8      | Found a shimmering altar of Xom.
  8552 | D:8      | Found a shimmering altar of Xom.
  8552 | D:8      | Found a shimmering altar of Xom.
  8552 | D:8      | Noticed a spiny frog
  8553 | D:8      | Found a shimmering altar of Xom.
  8553 | D:8      | Found a shimmering altar of Xom.
  8553 | D:8      | Found a shimmering altar of Xom.
  8555 | D:8      | Found a shimmering altar of Xom.
  8728 | D:8      | Noticed a salamander
  8730 | D:8      | Noticed a lindwurm
  8732 | D:8      | Found a stormy altar of Qazlal.
  8777 | D:8      | Noticed an elephant
  8777 | D:8      | a lindwurm changed into an elephant
  8778 | D:8      | Noticed a mana viper
  8778 | D:8      | an elephant changed into a mana viper
  8805 | D:8      | Reached skill level 1 in Stealth
  8808 | D:8      | Noticed a deep troll
  8904 | D:8      | Noticed a cyclops
  9283 | D:9      | Found a staircase to the Orcish Mines.
  9291 | D:9      | Reached skill level 1 in Evocations
  9340 | D:9      | Reached skill level 10 in Maces & Flails
  9375 | D:9      | Gained mutation: Your natural rate of healing is unusually fast. [mutagenic meat]
  9376 | D:9      | Gained mutation: You are clumsy. (Dex -2) [mutagenic meat]
  9377 | D:9      | Gained mutation: You are partially covered in large bone plates (AC +2, SH +2). [mutagenic meat]
  9588 | D:9      | Found a deep blue altar of Sif Muna.
  9785 | D:10     | Entered Level 10 of the Dungeon
 10107 | D:10     | Reached skill level 1 in Invocations
 10323 | D:10     | Noticed a naga warrior
 10342 | D:10     | Reached skill level 10 in Dodging
 10546 | D:10     | Reached XP level 11. HP: 48/92 MP: 8/8
 11071 | D:10     | Noticed a cyclops
 11071 | D:10     | Noticed a centaur warrior
 11073 | D:10     | Found an iron altar of Okawaru.
 11076 | D:10     | Found an iron altar of Okawaru.
 11106 | D:10     | Killed a naga warrior
 11122 | D:10     | Killed a centaur warrior
 11122 | D:10     | Acquired Okawaru's second power
 11125 | D:10     | Killed a cyclops
 11125 | D:10     | Reached skill level 11 in Maces & Flails
 11151 | D:10     | Got a faintly glowing glaive
 11507 | D:11     | Found Waerun's Assorted Antiques.
 11717 | D:11     | Noticed a hill giant
 12162 | D:11     | Noticed a hill giant
 12171 | D:11     | Killed a hill giant
 12171 | D:11     | Received a gift from Okawaru
 12193 | D:11     | Reached skill level 10 in Armour
 12758 | D:12     | Found Cead's Antique Weapon Shop.
 12788 | D:12     | Bought a runed morningstar for 132 gold pieces
 12871 | D:12     | Noticed Fannar
 12877 | D:12     | Killed Fannar
 13302 | D:13     | Received a gift from Okawaru
 13328 | D:13     | Reached skill level 12 in Maces & Flails
 13358 | D:13     | Reached XP level 12. HP: 101/101 MP: 13/13
 13518 | D:13     | Noticed Grum
 13527 | D:13     | Killed Grum
 13829 | D:13     | Noticed Maurice
 14303 | D:13     | Found a shadowy altar of Dithmenos.
 14355 | D:13     | Found Bradung's Weapon Boutique.
 14408 | D:13     | Noticed Maurice
 14408 | D:13     | Maurice changed into Maurice the worker ant
 14411 | D:13     | Killed Maurice the worker ant
 14742 | D:14     | Noticed a five-headed hydra
 14751 | D:14     | Killed a five-headed hydra
 14768 | D:14     | Received a gift from Okawaru
 14890 | D:14     | Found a gate to the Vaults.
 15141 | D:14     | Reached skill level 13 in Maces & Flails
 15216 | D:14     | Reached skill level 5 in Evocations
 15479 | D:14     | Noticed Azrael
 15890 | D:10     | Killed an unseen horror
 15973 | Lair:1   | Entered Level 1 of the Lair of Beasts
 16339 | Lair:1   | Noticed a seven-headed hydra
 16345 | Lair:1   | Killed a seven-headed hydra
 16606 | Lair:2   | Found a bloodstained altar of Trog.
 16659 | Lair:2   | Reached skill level 5 in Invocations
 16923 | Lair:2   | Reached XP level 13. HP: 102/110 MP: 16/16
 16931 | Lair:2   | Received a gift from Okawaru
 17106 | Lair:2   | Noticed a four-headed hydra
 17114 | Lair:2   | Killed a four-headed hydra
 17487 | Lair:3   | Reached skill level 14 in Maces & Flails
 18263 | Lair:4   | Found a labyrinth entrance.
 18285 | Lab      | Entered a labyrinth
 18614 | Lab      | Received a gift from Okawaru
 18617 | Lab      | Got an encrusted spear {god gift}
 18642 | Lab      | Got a steaming amber ring
 18646 | Lab      | Identified the +4 spear of the Unseen Realm {drain, +Inv} (Okawaru gifted it to you in a labyrinth)
 18652 | Lab      | Identified the ring "Plihih" {+Inv rN+ MR+ EV+2 Stlth-} (You found it in a labyrinth)
 18669 | Lab      | Got a polished quarterstaff
 18669 | Lab      | Got a pitted leather armour
 18675 | Lab      | Identified the cursed -2 quarterstaff of Tiomairph {flame, rN+ Dex+1 SInv} (You found it in a labyrinth)
 18686 | Lab      | Identified the cursed -4 leather armour "Josood" {MR+ Dex+2} (You found it in a labyrinth)
 19163 | Lair:4   | Noticed Nergalle
 19174 | Lair:4   | Killed Nergalle
 19878 | Lair:5   | Got a transparent mace
 19879 | Lair:5   | Identified the cursed +3 mace of Integrity {flame, rPois} (You found it on level 5 of the Lair of Beasts)
 20104 | Lair:5   | Received a gift from Okawaru
 20714 | Lair:6   | Found a staircase to the Swamp.
 21269 | Lair:6   | Found a hole to the Spider Nest.
 21491 | Lair:6   | Reached skill level 15 in Maces & Flails
 21516 | Lair:6   | Reached skill level 10 in Shields
 21962 | Lair:7   | Received a gift from Okawaru
 21963 | Lair:7   | Got an ancient chain mail {god gift}
 22110 | Lair:7   | Reached XP level 14. HP: 106/119 MP: 19/19
 22344 | Lair:7   | Found a frozen archway.
 22447 | IceCv    | Entered an ice cave
 22777 | IceCv    | Identified the +7 chain mail of Frefe {Slay+6} (Okawaru gifted it to you on level 7 of the Lair of Beasts)
 23461 | Lair:7   | Reached skill level 10 in Fighting
 23628 | Lair:7   | Received a gift from Okawaru
 23705 | Lair:8   | Entered Level 8 of the Lair of Beasts
 24498 | Lair:8   | Reached skill level 16 in Maces & Flails
 24498 | Lair:8   | Reached XP level 15. HP: 128/128 MP: 22/22
 24523 | Lair:8   | Found a burning altar of Makhleb.
 24559 | Lair:8   | Received a gift from Okawaru
 24578 | Lair:8   | Found a gateway to Hell.
 24607 | Lair:8   | Got an ancient hat {god gift}
 24613 | Lair:8   | Identified the +0 hat of Life {Dex+3 Curse} (Okawaru gifted it to you on level 8 of the Lair of Beasts)
 24813 | Lair:8   | Found a staircase to the Slime Pits.
 25322 | Orc:1    | Entered Level 1 of the Orcish Mines
 25759 | Orc:2    | Noticed Snorg
 25766 | Orc:2    | Killed Snorg
 25981 | Orc:3    | Found an iron altar of Okawaru.
 26903 | Orc:4    | Entered Level 4 of the Orcish Mines
 27105 | Orc:4    | Found Vauleck's Antique Weapon Emporium.
 27245 | Orc:4    | Bought a steaming whip for 127 gold pieces
 27259 | Orc:4    | Found Saxeel's Jewellery Boutique.
 27331 | Orc:4    | Found Peyn's General Store.
 27386 | Orc:4    | Bought a scroll of acquirement for 832 gold pieces
 27538 | Orc:4    | Noticed Joseph
 27545 | Orc:4    | Killed Joseph
 27613 | Orc:4    | Found Pnarul's Antique Armour Emporium.
 27638 | Orc:4    | Bought a brightly glowing chain mail for 370 gold pieces
 27649 | Orc:4    | Identified the +11 chain mail "Soruppade" {Str+2 Dex+1} (You bought it in a shop on level 4 of the Orcish Mines)
 27704 | Orc:4    | Found a staircase to the Elven Halls.
 27833 | Orc:4    | Identified the +3 whip of Creul {vamp, *Tele rF+ Int-3} (You bought it in a shop on level 4 of the Orcish Mines)
 28211 | Swamp:1  | Entered Level 1 of the Swamp
 28346 | Swamp:1  | Noticed Nessos
 28349 | Swamp:1  | Noticed Nessos
 28349 | Swamp:1  | Nessos changed into Nessos the jumping spider
 28357 | Swamp:1  | Killed Nessos the jumping spider
 29010 | Swamp:2  | Received a gift from Okawaru
 29016 | Swamp:2  | Got a jewelled scale mail {god gift}
 29035 | Swamp:2  | Identified the +1 scale mail of the Mutiny {MR+} (Okawaru gifted it to you on level 2 of the Swamp)
 29120 | Swamp:2  | Noticed a thorn hunter
 29134 | Swamp:2  | Killed a thorn hunter
 30220 | Swamp:4  | Reached XP level 16. HP: 106/137 MP: 24/24
 30624 | Swamp:4  | Reached skill level 15 in Dodging
 30884 | Swamp:5  | Entered Level 5 of the Swamp
 31589 | Swamp:5  | Received a gift from Okawaru
 31637 | Swamp:5  | Reached skill level 17 in Maces & Flails
 31693 | Swamp:5  | Noticed Mara
 31701 | Swamp:5  | Noticed a bone dragon
 31705 | Swamp:5  | Noticed Zurvan's illusion
 31714 | Swamp:5  | Killed Mara
 31745 | Swamp:5  | Killed a bone dragon
 31840 | Swamp:5  | Got a decaying rune of Zot
 32079 | Spider:1 | Entered Level 1 of the Spider Nest
 32097 | Spider:1 | Noticed Kirke
 32122 | Spider:1 | Killed Kirke
 33215 | Spider:2 | Received a gift from Okawaru
 33918 | Spider:3 | Got a dazzling blowgun
 33966 | Spider:3 | Noticed Asterion
 33969 | Spider:3 | Noticed a spectral weapon
 33984 | Spider:3 | Killed Asterion
 34049 | Spider:3 | Identified the +0 blowgun of Curses {speed, Stlth++} (You found it on level 3 of the Spider Nest)
 34152 | Spider:3 | Reached XP level 17. HP: 139/141 MP: 26/26
 34428 | Spider:4 | Received a gift from Okawaru
 34460 | Spider:4 | Reached skill level 10 in Invocations
 35118 | Spider:5 | Entered Level 5 of the Spider Nest
 35162 | Spider:5 | Reached skill level 10 in Evocations
 36171 | Spider:5 | Received a gift from Okawaru
 36524 | Spider:5 | Got a gossamer rune of Zot
 37065 | D:14     | Killed Azrael
 37176 | D:15     | Entered Level 15 of the Dungeon
 37178 | D:15     | Noticed a centaur warrior
 37194 | D:15     | Killed a centaur warrior
 37275 | D:15     | Got a faintly humming ring mail
 37277 | D:15     | Identified the +2 ring mail "Apharack" {Dex+3} (You found it on level 15 of the Dungeon)
 37439 | D:15     | Noticed Sonja
 37459 | D:15     | Killed Sonja
 37970 | D:15     | Reached XP level 18. HP: 148/150 MP: 28/28
 38061 | D:15     | Reached skill level 18 in Maces & Flails
 38116 | D:15     | Received a gift from Okawaru
 38119 | D:15     | Got a pair of warped gloves {god gift}
 38130 | D:15     | Identified the -4 pair of gloves of Tacsug {+Rage rF+ rN+ Str-2 Int+2} (Okawaru gifted it to you on level 15 of the Dungeon)
 38143 | D:15     | Found a staircase to the Depths.
 38270 | D:15     | Reached skill level 15 in Armour
 38344 | Vaults:1 | Entered Level 1 of the Vaults
 38605 | Elf:1    | Entered Level 1 of the Elven Halls
 39473 | Elf:2    | Found Wikieczu's Magic Scroll Emporium.
 40019 | Elf:2    | Received a gift from Okawaru
 40398 | Elf:3    | Entered Level 3 of the Elven Halls
 40401 | Elf:2    | Upgraded the game from 0.16-a0-223-g37887f7 to 0.16-a0-231-g3d5c238
 41311 | Vaults:1 | Received a gift from Okawaru
 41954 | Vaults:1 | Reached XP level 19. HP: 155/158 MP: 29/29
 42547 | Vaults:2 | Reached skill level 15 in Shields
 42711 | Vaults:2 | Found a staircase to the Crypt.
 42711 | Vaults:2 | Found an ancient bone altar of Kikubaaqudgha.
 42712 | Vaults:2 | Found a basalt altar of Yredelemnul.
 42861 | Vaults:2 | Received a gift from Okawaru
 43062 | Vaults:2 | Reached skill level 19 in Maces & Flails
 43419 | Vaults:3 | Received a gift from Okawaru
 43582 | Vaults:3 | Got a pair of dazzling boots
 43583 | Vaults:3 | Identified the +0 pair of boots of Mezcal {Stlth+} (You found it on level 3 of the Vaults)
 43997 | Vaults:3 | Found Cley's Food Shop.
 44083 | Vaults:3 | Found a radiant altar of Vehumet.
 44815 | Vaults:4 | Noticed a Brimstone Fiend
 45172 | Vaults:4 | Noticed Saint Roka
 45188 | Vaults:4 | Killed Saint Roka
 45372 | Vaults:4 | Reached XP level 20. HP: 159/168 MP: 30/30
 45396 | Vaults:4 | Received a gift from Okawaru
 45417 | Vaults:4 | Got a pitted scale mail {god gift}
 45438 | Vaults:4 | Identified the +2 scale mail of Valour {Str+3 Slay+3} (Okawaru gifted it to you on level 4 of the Vaults)
 46261 | Vaults:5 | Entered Level 5 of the Vaults
 46320 | Vaults:5 | Noticed Ololoev's ghost (great HOCK)
 46402 | Vaults:5 | Noticed a golden dragon
 46456 | Vaults:4 | Received a gift from Okawaru
 47035 | Vaults:4 | Received a gift from Okawaru
 47775 | Vaults:4 | Killed a golden dragon
 47802 | Vaults:4 | Reached XP level 21. HP: 109/177 MP: 27/32
 47874 | Vaults:4 | Reached skill level 20 in Maces & Flails
 47917 | Vaults:5 | Received a gift from Okawaru
 47974 | Vaults:5 | Received a gift from Okawaru
 47997 | Vaults:5 | Reached skill level 15 in Fighting
 48018 | Vaults:5 | Slain by a phantasmal warrior

Action                   |  1- 3 |  4- 6 |  7- 9 | 10-12 | 13-15 | 16-18 | 19-21 || total
-------------------------+-------+-------+-------+-------+-------+-------+-------++-------
Melee: Flail             |    84 |   197 |   527 |   439 |       |    15 |       ||  1262
       Dire flail        |       |       |       |    61 |       |       |       ||    61
       Morningstar       |       |       |       |   225 |  1021 |   476 |       ||  1722
       Mace              |       |       |       |       |   525 |       |       ||   525
       Demon whip        |       |       |       |       |       |  1179 |  1233 ||  2412
Invok: Heroism           |       |       |       |     1 |     3 |     3 |     9 ||    16
       Finesse           |       |       |       |       |       |     2 |     7 ||     9
 Abil: Evoke Invisibilit |       |       |       |       |     1 |       |     1 ||     2
Evoke: Wand              |       |       |       |    23 |    29 |    68 |    19 ||   139
       Sack of spiders   |       |       |       |       |     1 |     2 |       ||     3
       Deck              |       |       |       |       |       |     1 |     1 ||     2
  Use: Potion            |       |     2 |     3 |     8 |     4 |    15 |    16 ||    48
       Scroll            |       |       |     4 |    22 |    15 |    18 |    19 ||    78
 Stab: Confused          |       |       |       |       |     1 |       |       ||     1
       Distracted        |       |       |       |       |     2 |       |     1 ||     3
       Invisible         |       |       |       |       |       |       |    10 ||    10
  Eat: Bread ration      |     1 |       |     2 |     3 |     3 |     6 |     2 ||    17
       Fruit             |       |       |     3 |       |    11 |       |       ||    14
       Chunk             |       |       |     1 |     3 |       |       |       ||     4
       Beef jerky        |       |       |     1 |     2 |     5 |       |       ||     8
       Meat ration       |       |       |     1 |     1 |     2 |       |     3 ||     7
       Pizza             |       |       |     1 |     5 |     6 |     2 |     1 ||    15
       Royal jelly       |       |       |       |     1 |       |     4 |       ||     5
